 Dungeon Crawl Stone Soup version 0.30-a0-636-g200c5c4a83 (webtiles) character file.

Game seed: 2652677648885226478

22 Alitron123 the Poker (level 3, -1/29 HPs)
             Began as a Human Berserker on Jan 14, 2023.
             Was a Believer of Trog.
             Slain by Sigmund
             ... wielding a +0 scythe of freezing
              (4 damage)
             ... on level 2 of the Dungeon.
             The game lasted 00:03:26 (904 turns).

Alitron123 the Poker (Human Berserker)               Turns: 904, Time: 00:03:27

Health: -1/29      AC:  2    Str: 19    XL:     3   Next: 7%
Magic:  3/3        EV: 12    Int: 13    God:    Trog [**....]
Gold:   66         SH:  0    Dex: 12    Spells: 2/2 levels left

rFire   . . .      SeeInvis .    a - +0 spear
rCold   . . .      Faith    .    (no shield)
rNeg    . . .      Spirit   .    b - +0 animal skin
rPois   .          Reflect  .    (no helmet)
rElec   .          Harm     .    (no cloak)
rCorr   .          Rampage  .    (no gloves)
Will    .....                    (no boots)
Stlth   +                        (no amulet)
HPRegen 0.24/turn                c - +6 ring of intelligence
MPRegen 0.08/turn                (no ring)

@: no status effects
A: no striking features
a: Renounce Religion, Berserk, Trog's Hand


You were on level 2 of the Dungeon.
You worshipped Trog.
Trog was pleased with you.
You visited 1 branch of the dungeon, and saw 2 of its levels.

You collected 66 gold pieces.

Inventory:

Hand Weapons
 a - a +0 spear (weapon)
Missiles
 d - 6 boomerangs (quivered)
Armour
 b - a +0 animal skin (worn)
Jewellery
 c - a +6 ring of intelligence (left hand)


   Skills:
 + Level 3.3 Fighting
 + Level 3.5 Polearms
 + Level 2.1 Armour
 + Level 2.1 Dodging


You had 2 spell levels left.
You didn't know any spells.
Your spell library was empty.

Dungeon Overview and Level Annotations

Branches:
Dungeon (2/15)

Altars:

Annotations:
D:2 Sigmund


Message History

Sigmund screams, "Don't try to resist!"
Found 9 gold pieces.
Sigmund hits you with a +0 scythe of freezing.
Sigmund freezes you.
You hit Sigmund.
Sigmund is lightly wounded.
You hit Sigmund.
Sigmund is moderately wounded.
Sigmund gestures at you while chanting.
You are confused.
You hit Sigmund.
Sigmund is heavily wounded.
The rat misses you. Sigmund barely misses you.
You're too confused to move!
The rat closely misses you. The rat attacks as you move away!
The rat bites you but does no damage. Sigmund misses you.
You barely miss the rat. The rat misses you. Sigmund barely misses you.
The rat closely misses you. Sigmund misses you. The rat misses you.
You hit the rat.
You kill the rat!
Trog accepts your kill.
You can now call upon Trog for regeneration and willpower.
Sigmund barely misses you.
You feel less confused. Sigmund completely misses you.
Sigmund mumbles some strange words.
Sigmund flickers and vanishes!
Deactivating autopickup; reactivate with Ctrl-A.
You barely miss something. Something barely misses you. Something hits you.
Something freezes you.
You hear a zap.
A puff of flame appears from out of thin air!
The puff of flame hits you!
You hear a zap.
A puff of flame appears from out of thin air!
The puff of flame hits you!
* * * LOW HITPOINT WARNING * * *
Something hits you.
You die...

######
#....######
#....#....
#.#.$.##
###......######
#..............
#....@†..#.###
#......{.#.##
#.............
#..........<..
#..............
####...........
..####.#..$.
##.# ...... #.#
##...


There were no monsters in sight!

Vanquished Creatures
  A dart slug (D:1)
  3 endoplasms (D:1)
  A goblin (D:1)
  A hobgoblin (D:1)
  3 jackals (D:1)
  2 kobolds (D:1)
  A quokka (D:1)
  2 bats (D:1)
  2 frilled lizards (D:1)
  2 rats
18 creatures vanquished.

Notes
Turn   | Place    | Note
-------+----------+-------------------------------------------
     0 | D:1      | Alitron123 the Human Berserker began the quest for the Orb.
     0 | D:1      | Reached XP level 1. HP: 18/18 MP: 1/1
   101 | D:1      | Reached XP level 2. HP: 22/24 MP: 2/2
   517 | D:1      | Reached XP level 3. HP: 18/29 MP: 3/3
   883 | D:2      | Noticed Sigmund
   896 | D:2      | Reached ** piety under Trog
   904 | D:2      | Slain by Sigmund

Illustrated notes

Levels and vault maps discovered:
D:1:      minmay_arrival_shoal_huts, layout_basic, serial_bayou_crossing
D:2:      layout_rooms, uniq_sigmund

Action                   || total
-------------------------++-------
Melee: Spear             ||    65
Throw: Boomerang         ||     1
  Use: Scroll            ||     2
Armor: Animal skin       ||    14
Dodge: Dodged            ||    46

Table legend: (Time is in decaauts)
 A = Elapsed time spent in this place.
 B = Non-inter-level travel time spent in this place.
 C = Inter-level travel time spent in this place.
 D = Time resting spent in this place.
 E = Time spent auto-exploring this place.
 F = Levels seen in this place.
 G = Mean time per level.
                   A        B        C        D        E       F      G
               +--------+--------+--------+--------+--------+-----+--------+
         Total |    915 |    278 |    637 |      0 |    113 |   2 |  457.5 |
       Dungeon |    915 |    278 |    637 |      0 |    113 |   2 |  457.5 |
               +--------+--------+--------+--------+--------+-----+--------+

Top non-repeatable levels by time:
     D:1: 895 daAuts
     D:2: 20 daAuts
